 Dungeon Crawl Stone Soup version 0.29-a0-997-gf6f7e2dfe7 (webtiles) character file.

Game seed: 12481964836682891142

326 siradein the Shooter (level 6, 0/48 HPs)
             Began as a Barachi Hunter on Aug 4, 2022.
             Slain by a gnoll
             ... wielding a +1 spear of freezing
              (3 damage)
             ... on level 4 of the Dungeon.
             The game lasted 00:06:28 (2970 turns).

siradein the Shooter (Barachi Hunter)               Turns: 2970, Time: 00:06:29

Health: 0/48       AC:  5    Str: 13    XL:     6   Next: 49%
Magic:  6/6        EV: 13    Int:  9    God:
Gold:   87         SH:  0    Dex: 17    Spells: 5/5 levels left

rFire   . . .      SeeInvis .   a - +0 shortbow (chaos)
rCold   . . .      Faith    .   (shield currently unavailable)
rNeg    . . .      Spirit   .   f - +2 leather armour {Will+}
rPois   .          Reflect  .   (no helmet)
rElec   .          Harm     .   (no cloak)
rCorr   .          Rampage  .   (no gloves)
Will    +....                   (no boots)
Stlth   ++........              (no amulet)
HPRegen 0.16/turn               (no ring)
MPRegen 0.10/turn               (no ring)

@: slow
A: amphibious, slowness 1, strong legs 1, +LOS
a: Hop


You were on level 4 of the Dungeon.
You visited 1 branch of the dungeon, and saw 4 of its levels.

You collected 87 gold pieces.

Inventory:

Hand Weapons
 a - a +0 shortbow of chaos (weapon)
Armour
 f - a +2 leather armour of willpower (worn)
Scrolls
 b - a scroll of immolation
 d - 2 scrolls of teleportation
 h - 2 scrolls of magic mapping
 i - a scroll of vulnerability {unknown}
 l - a scroll of summoning {unknown}
 m - a scroll of amnesia
Potions
 c - a potion of curing
 e - 2 potions of mutation {unknown}
 g - a potion of heal wounds
 j - a potion of lignification
 n - 2 potions of flight


   Skills:
 + Level 3.8 Fighting
 + Level 5.6 Ranged Weapons
 + Level 2.5 Armour
 + Level 3.5 Dodging
 + Level 2.5 Stealth


You had 5 spell levels left.
You didn't know any spells.
Your spell library contained the following spells:

 Spells                   Type           Power      Damage    Failure   Level
 Freeze                   Ice            0%         1d3       45%         1
 Slow                     Hex            0%         N/A       45%         1
 Confusing Touch          Hex            0%         N/A       83%         3
 Frozen Ramparts          Ice            0%         1d8       83%         3
 Vampiric Draining        Necr           0%         2d6       83%         3
 Hailstorm                Conj/Ice       0%         3d3       99%         4


Dungeon Overview and Level Annotations

Branches:
Dungeon (4/15)
 Temple: D:4-7

Altars:


Innate Abilities, Weirdness & Mutations

You are amphibious.
You cover ground slowly.
You can hop short distances.
You have an extended range of vision and can be seen from far away.


Message History

The gnoll is severely wounded.
The gnoll closely misses you. The gnoll hits you but does no damage.
You hear a shout!
You shoot an arrow. The arrow hits the gnoll!
The arrow burns the gnoll.
You kill the gnoll!
The gnoll hits you from afar with a +1 spear of freezing.
The gnoll freezes you.
A gnoll comes into view. It is wielding a +0 whip.
The gnoll hits you from afar with a +1 spear of freezing!
The gnoll freezes you.
You shoot an arrow. The arrow closely misses the gnoll.
The arrow hits the gnoll.
The arrow freezes the gnoll.
The gnoll is almost dead.
The gnoll hits you from afar with a +1 spear of freezing.
The gnoll freezes you. The gnoll barely misses you.
You are too injured to fight recklessly!
You are too injured to fight recklessly!
You are too injured to fight recklessly!
You are too injured to fight recklessly!
Unknown command.
Fire: a) +0 shortbow (chaos)
Press: ? - help, Q - select action, (/) - cycle Shift-Dir - straight line, f/p - gnoll
Aim: a gnoll, wielding a +1 spear of freezing (almost dead, berserk, 66% to hit)
You shoot an arrow.
The arrow hits the gnoll but does no damage.
The gnoll is almost dead.
The gnoll hits you from afar with a +1 spear of freezing!
The gnoll freezes you.
* * * LOW HITPOINT WARNING * * *
Fire: a) +0 shortbow (chaos)
Press: ? - help, Q - select action, (/) - cycle Shift-Dir - straight line, f/p - gnoll
Aim: a gnoll, wielding a +1 spear of freezing (almost dead, berserk, 66% to hit)
You shoot an arrow.
The arrow hits the gnoll but does no damage.
The gnoll suddenly seems more agile.
The gnoll is almost dead.
The gnoll hits you from afar with a +1 spear of freezing!
* * * LOW HITPOINT WARNING * * *
The gnoll freezes you.
You die...

#.#####..# .. #.# ##.###
.# #.# #...# #.# #.#
###.# ..#
#.########.###.# #
#......##......##.#
##...............>.#
#.......[........###
#.............@..#
#.)............).....#
#.............$gg#...#
#........†.......S####
#...................
##................g..
###...!...##.....##.....
......#######.....
......
........>......###
#.....


You could see 3 gnolls and a ball python.

Vanquished Creatures
  A scorpion (D:4)
  Natasha (D:2)
  An orc wizard (D:3)
  A gnoll (D:4)
  13 adders
  2 dart slugs
  5 orcs (D:3)
  12 ball pythons
  4 endoplasms
  2 giant cockroaches
  5 goblins
  5 hobgoblins
  8 jackals
  4 quokkas
  6 bats
  6 frilled lizards
  7 kobolds
  5 rats
88 creatures vanquished.

Notes
Turn   | Place    | Note
-------+----------+-------------------------------------------
     0 | D:1      | siradein the Barachi Hunter began the quest for the Orb.
     0 | D:1      | Reached XP level 1. HP: 17/17 MP: 1/1
   122 | D:1      | Reached XP level 2. HP: 20/23 MP: 2/2
   414 | D:1      | Found a faded altar of an unknown god.
   484 | D:1      | Reached XP level 3. HP: 28/28 MP: 3/3
   621 | D:1      | Reached skill level 5 in Ranged Weapons
   995 | D:2      | Reached skill level 1 in Stealth
  1011 | D:2      | Reached XP level 4. HP: 23/34 MP: 4/4
  1208 | D:2      | Reached skill level 1 in Armour
  1640 | D:2      | Noticed Natasha
  1653 | D:2      | Killed Natasha
  1882 | D:2      | Reached XP level 5. HP: 41/41 MP: 5/5
  2566 | D:3      | Reached XP level 6. HP: 47/47 MP: 6/6
  2970 | D:4      | Slain by a gnoll

Illustrated notes

Levels and vault maps discovered:
D:1:      saegor_arrival_simple_d, layout_basic,
          shapermc_ecumenical_altar_starsandcircs
D:2:      layout_loops_ring, uniq_natasha
D:3:      layout_rooms, minmay_snake_closets
D:4:      layout_rooms, chequers_temple_overflow_minitemple

Skill      XL: |  1  2  3  4  5 |
---------------+----------------+-----
Ranged Weapons | 5 |  5.6
Stealth        | 1 2 |  2.5
Armour         | 1 2 |  2.5
Fighting       | 3 |  3.8
Dodging        | 3 |  3.5

Action                   |  1- 3 |  4- 6 || total
-------------------------+-------+-------++-------
 Fire: Shortbow          |    73 |   165 ||   238
  Use: Scroll            |       |    11 ||    11
       Potion            |       |     1 ||     1
Armor: Leather armour    |    15 |    27 ||    42
Dodge: Dodged            |    20 |    85 ||   105

Table legend: (Time is in decaauts)
 A = Elapsed time spent in this place.
 B = Non-inter-level travel time spent in this place.
 C = Inter-level travel time spent in this place.
 D = Time resting spent in this place.
 E = Time spent auto-exploring this place.
 F = Levels seen in this place.
 G = Mean time per level.
                   A        B        C        D        E       F      G
               +--------+--------+--------+--------+--------+-----+--------+
         Total |   3411 |   3286 |    125 |      0 |   2807 |   4 |  852.8 |
       Dungeon |   3411 |   3286 |    125 |      0 |   2807 |   4 |  852.8 |
               +--------+--------+--------+--------+--------+-----+--------+

Top non-repeatable levels by time:
     D:1: 1171 daAuts
     D:2: 1115 daAuts
     D:3: 753 daAuts
     D:4: 370 daAuts
